 Dungeon Sprint DCSS version 0.21-a0-72-gbbb65ab (webtiles) character file.

2492 Kidiri the Fighter (level 9, -5/83 HPs)
             Began as a Red Draconian Transmuter on June 20, 2017.
             Was a High Priest of Wu Jian.
             Slain by a two-headed ogre
             ... wielding a +0 giant spiked club
              (20 damage)
             ... in the Dungeon (Sprint VII: "The Pits").
             The game lasted 00:06:33 (1058 turns).

Kidiri the Fighter (Red Draconian Transmuter)       Turns: 1058, Time: 00:06:33

Health: -5/83      AC:  9    Str: 14    XL:     9   Next: 27%
Magic:  18/20      EV: 20    Int: 13    God:    Wu Jian [*****.]
Gold:   0          SH:  0    Dex: 14    Spells: 8/23 levels left

rFire    + . .     SeeInvis .     - Unarmed
rCold    . . .     Gourm    .   (shield currently unavailable)
rNeg     . . .     Faith    .   (armour unavailable)
rPois    .         Spirit   .   (helmet restricted)
rElec    .         Reflect  .   q - +0 cloak
rCorr    .         Harm     .   (gloves currently unavailable)
MR       .....     NoTele   +   v - +0 pair of boots
Stlth    ++++......             (no amulet)
HPRegen  0.23/turn              r - +3 ring of evasion
MPRegen  0.17/turn              (no ring)

@: short of breath, blade hands
A: breathe fire, unfitting armour, fire resistance 1, cold-blooded, AC +7
a: Breathe Fire, End Transformation, Serpent's Lash, Heavenly Storm, Renounce
Religion


You were in the Dungeon.
You worshipped Wu Jian.
Wu Jian was extremely pleased with you.
You were very full.
You had blades for hands.
You visited 1 branch

Inventory:

Missiles
 a - 11 arrows
Armour
 q - a +0 cloak (worn)
 v - a +0 pair of boots (worn)
Jewellery
 r - a +3 ring of evasion (left scythe-like blade)
 s - a +3 ring of evasion
Scrolls
 i - a scroll of blinking
 l - 3 scrolls of remove curse
 m - 5 scrolls of amnesia
 n - a scroll of summoning
Potions
 d - 4 potions of curing
 e - 9 potions of heal wounds
 f - a potion of haste
 g - 4 potions of magic
 h - 2 potions of berserk rage
 k - 2 potions of invisibility
 t - 3 potions of might
 u - 2 potions of brilliance
Books
 b - a book of Changes

   Spells                             Type                      Level
   a - Beastly Appendage              Transmutation                1
   b - Sticks to Snakes               Transmutation                2
   c - Spider Form                    Transmutation/Poison         3
   d - Ice Form                       Ice/Transmutation            4
   e - Blade Hands                    Transmutation                5
Comestibles
 c - 8 bread rations
 o - 29 fruits
 p - 7 meat rations


   Skills:
 * Level 9.2 Fighting
 * Level 7.9 Dodging
 * Level 8.3 Stealth
 * Level 9.1 Unarmed Combat
 * Level 7.9 Spellcasting
 * Level 8.6 Transmutations
 + Level 3.7 Ice Magic
 + Level 4.4 Poison Magic


You had 8 spell levels left.
You knew the following spells:

 Your Spells              Type           Power        Failure   Level  Hunger
a - Beastly Appendage     Tmut           ####..       11%         1    None
b - Spider Form           Tmut/Pois      ###.......   24%         3    ##.....
c - Ice Form              Ice/Tmut       ###.....     47%         4    ####...
d - Blade Hands           Tmut           ####......   47%         5    #####..
e - Sticks to Snakes      Tmut           ####....     12%         2    None


Dungeon Overview and Level Annotations

Branches:
Dungeon (1/1)

Altars:
Ashenzari
Cheibriados
Dithmenos
Elyvilon
Fedhas
Gozag
Hepliaklqana
Kikubaaqudgha
Makhleb
Nemelex Xobeh
Okawaru
Qazlal
Ru
Sif Muna
Trog
Uskayaw
Vehumet
Wu Jian
Xom
Yredelemnul
Zin
The Shining One
Beogh
Jiyva
Lugonu

Annotations:
D Josephine


Innate Abilities, Weirdness & Mutations

You can breathe blasts of fire.
Your fiery red scales are hard. (AC +7)
You cannot fit into any form of body armour.
Your flesh is heat resistant. (rF+)
You are cold-blooded and may be slowed by cold attacks.


Message History

You repeatedly attack the two-headed ogre from above.
You slash the two-headed ogre!
The two-headed ogre is moderately wounded.
You slice the two-headed ogre!! You tail-slap the two-headed ogre.
Your slash misses the two-headed ogre.
The two-headed ogre is severely wounded.
The two-headed ogre is distracted by your jump.
The two-headed ogre shouts in stereo!
The wraith is engulfed in blazing flames.
You destroy the wraith!
The Council accepts your kill.
You attack the two-headed ogre from above.
You barely miss the two-headed ogre.
The two-headed ogre is severely wounded.
The jackal is distracted by your jump.
The two-headed ogre hits you with a giant spiked club!
* * * LOW HITPOINT WARNING * * *
The jackal barks!
The two-headed ogre hits you with a giant spiked club!!
You die...

##)##.......##''#
.#.##.......##..#
.+.##.......##..# +#
#####...<...##..# #.##
)).##.......##.)# #...##
)).##.......##.§####.....#
#####.......##.§.##Wh....#
#.)###########.§§O@9.....+
#÷############.§@##.W....#
#)#....#..[.##.§####.....#
#+#....#..[[##..# #...##
#.+....+..))##..# #.##
#+#....#..))##..# +#
+.#....#..))##..#
#################


You could see Josephine, a two-headed ogre, a wraith, a molten gargoyle and a
jackal.

Vanquished Creatures
  A deep troll (D)
  A deep elf mage (D)
  A smoke demon (D)
  A kobold demonologist (D)
  A demonic crawler (D)
  A redback (D)
  A shadow (D)
  A wraith (D)
  A hungry ghost (D)
  A bullfrog (D)
  Crazy Yiuf (D)
  A gnoll shaman (D)
  A hound (D)
  5 gnolls (D)
  A white imp (D)
  An ufetubus (D)
  A worm (D)
  A leopard gecko (D)
  A ball python (D)
  A bat skeleton (D)
  2 goblins (D)
  A jackal (D)
  A bat (D)
  2 kobolds (D)
30 creatures vanquished.

Notes
Turn   | Place    | Note
-------+----------+-------------------------------------------
     0 | D        | Kidiri the Draconian Transmuter began the quest for the Orb.
     0 | D        | Reached XP level 1. HP: 16/16 MP: 3/3
    51 | D        | Found a bloodstained altar of Trog.
    51 | D        | Found a deep blue altar of Sif Muna.
    51 | D        | Found a viscous altar of Jiyva.
    51 | D        | Found a hazy altar of Hepliaklqana.
    51 | D        | Found an opulent altar of Gozag.
    52 | D        | Found a glowing golden altar of the Shining One.
    52 | D        | Found a glowing silver altar of Zin.
    52 | D        | Found a basalt altar of Yredelemnul.
    52 | D        | Found a shimmering altar of Xom.
    52 | D        | Found an ornate altar of the Wu Jian Council.
    52 | D        | Found a sacrificial altar of Ru.
    52 | D        | Found a stormy altar of Qazlal.
    52 | D        | Found an iron altar of Okawaru.
    52 | D        | Found a sparkling altar of Nemelex Xobeh.
    52 | D        | Found a burning altar of Makhleb.
    52 | D        | Found a blossoming altar of Fedhas.
    52 | D        | Found a white marble altar of Elyvilon.
    52 | D        | Found a shadowy altar of Dithmenos.
    52 | D        | Found a snail-covered altar of Cheibriados.
    54 | D        | Found a radiant altar of Vehumet.
    54 | D        | Found a corrupted altar of Lugonu.
    54 | D        | Found a roughly hewn altar of Beogh.
    55 | D        | Found a hide-covered altar of Uskayaw.
    55 | D        | Found an ancient bone altar of Kikubaaqudgha.
    55 | D        | Found a shattered altar of Ashenzari.
    61 | D        | Became a worshipper of the Wu Jian Council
   109 | D        | Reached skill level 1 in Stealth
   239 | D        | Reached * piety under Wu Jian
   239 | D        | Reached XP level 2. HP: 9/24 MP: 2/5
   336 | D        | Reached ** piety under Wu Jian
   429 | D        | Noticed a bullfrog
   434 | D        | Learned a level 2 spell: Sticks to Snakes
   442 | D        | Noticed a hungry ghost
   450 | D        | Killed a bullfrog
   450 | D        | Reached XP level 3. HP: 33/33 MP: 0/8
   450 | D        | Reached XP level 4. HP: 40/40 MP: 0/9
   454 | D        | Reached *** piety under Wu Jian
   455 | D        | Reached skill level 5 in Unarmed Combat
   458 | D        | Reached XP level 5. HP: 47/47 MP: 1/11
   462 | D        | Killed a hungry ghost
   462 | D        | Reached **** piety under Wu Jian
   462 | D        | Reached skill level 5 in Fighting
   462 | D        | Reached skill level 5 in Spellcasting
   462 | D        | Reached skill level 5 in Transmutations
   462 | D        | Reached XP level 6. HP: 56/56 MP: 1/13
   489 | D        | Learned a level 3 spell: Spider Form
   494 | D        | Learned a level 4 spell: Ice Form
   500 | D        | Learned a level 5 spell: Blade Hands
   539 | D        | Noticed Crazy Yiuf
   543 | D        | Killed Crazy Yiuf
   543 | D        | Reached skill level 5 in Dodging
   543 | D        | Reached skill level 5 in Stealth
   551 | D        | Noticed a kobold demonologist
   562 | D        | Killed a kobold demonologist
   562 | D        | Your scales start taking on a fiery red colour.
   562 | D        | Reduced skill Ice Magic to level 1
   562 | D        | Reached XP level 7. HP: 64/64 MP: 12/15
   562 | D        | Gained mutation: Your flesh is heat resistant. (rF+) [Red Draconian growth]
   616 | D        | Reached ***** piety under Wu Jian
   723 | D        | Noticed a shadow
   723 | D        | Noticed a smoke demon
   727 | D        | Killed a shadow
   727 | D        | Killed a smoke demon
   727 | D        | Reached XP level 8. HP: 73/73 MP: 10/18
   838 | D        | Noticed a deep elf mage
   840 | D        | Noticed a deep troll
   841 | D        | Noticed a demonic crawler
   842 | D        | Killed a deep elf mage
   842 | D        | Killed a demonic crawler
   848 | D        | Killed a deep troll
   848 | D        | Reached XP level 9. HP: 41/82 MP: 14/20
  1038 | D        | Noticed Josephine
  1038 | D        | Noticed a molten gargoyle
  1038 | D        | Noticed a two-headed ogre
  1058 | D        | Slain by a two-headed ogre

Vault maps used:
D:        pitsprint

Skill      XL: |  1  2  3  4  5  6  7  8  9 |
---------------+----------------------------+-----
Dodging        | 2 3 4 5 6 7 |  7.9
Stealth        | 1 3 4 5 6 8 |  8.3
Fighting       | 2 3 4 5 6 7 8 9 |  9.2
Transmutations | 4 5 6 7 8 |  8.6
Unarmed Combat | 4 5 6 7 8 9 |  9.1
Spellcasting   | 3 4 5 6 7 |  7.9
Ice Magic      | 1 2 3 |  3.7
Poison Magic   | 2 3 4 |  4.4

Action                   |  1- 3 |  4- 6 |  7- 9 || total
-------------------------+-------+-------+-------++-------
Melee: Unarmed           |    32 |    26 |    37 ||    95
       Headbutt          |     5 |     1 |       ||     6
       Kick              |     2 |     1 |       ||     3
       Tailslap          |       |     3 |     4 ||     7
       Punch             |       |       |     1 ||     1
 Cast: Beastly Appendage |     7 |     1 |       ||     8
       Sticks to Snakes  |     1 |       |       ||     1
       Spider Form       |       |     1 |       ||     1
       Blade Hands       |       |       |     3 ||     3
       Ice Form          |       |       |     1 ||     1
Invok: Serpent's Lash    |       |       |     3 ||     3
       Heavenly Storm    |       |       |     1 ||     1
 Abil: Breathe Fire      |       |       |     2 ||     2
  Use: Potion            |     3 |       |     3 ||     6
 Stab: Sleeping          |       |     1 |     1 ||     2
  Eat: Chunk             |       |       |     1 ||     1
       Fruit             |       |       |    11 ||    11
Armor: Skin              |    10 |     1 |     4 ||    15
Dodge: Dodged            |    29 |    10 |    29 ||    68
